 Dungeon Crawl Stone Soup version 0.30-a0-169-g06f667207d (webtiles) character file.

Game seed: 16766520854874220854

123 qw the Chopper (level 5, -2/32 HPs)
             Began as a Gargoyle Fighter on Sept 29, 2022.
             Slain by an orc
             ... wielding a +0 flail
              (5 damage)
             ... on level 3 of the Dungeon.
             The game lasted 00:00:52 (2834 turns).

qw the Chopper (Gargoyle Fighter)                   Turns: 2834, Time: 00:00:52

Health: -2/32      AC: 16    Str: 21    XL:     5   Next: 7%
Magic:  5/5        EV:  7    Int:  9    God:
Gold:   144        SH:  4    Dex:  9    Spells: 4/4 levels left

rFire   . . .      SeeInvis .    Y - +0 war axe
rCold   . . .      Faith    .    c - +0 buckler
rNeg    + . .      Spirit   .    a - +0 chain mail
rPois   inf        Reflect  .    (no helmet)
rElec   +          Harm     .    h - +2 cloak
rCorr   .          Rampage  .    (no gloves)
Will    .....                    (no boots)
Stlth   ..........               (no amulet)
HPRegen 0.10/turn                (no ring)
MPRegen 0.09/turn                (no ring)

@: no status effects
A: sickness immunity, AC +4, negative energy resistance 1, electricity
resistance, torment resistance 1, petrification resistance
a: no special abilities


You were on level 3 of the Dungeon.
You visited 1 branch of the dungeon, and saw 3 of its levels.

You collected 144 gold pieces.


Innate Abilities, Weirdness & Mutations

You are immune to sickness and miasma.
Your stone body is resilient. (AC +4)
You are immune to poison.
You resist negative energy. (rN+)
You are resistant to electric shocks. (rElec)
You are resistant to unholy torment.
You are immune to petrification.


   Skills:
 - Level 3.2 Fighting
 + Level 4.6 Axes
 - Level 3.2 Armour
 - Level 3.2 Shields


You had 4 spell levels left.
You didn't know any spells.
Your spell library was empty.

Inventory:

Hand Weapons
 j - a +0 mace
 Y - a +0 war axe (weapon)
Armour
 a - a +0 chain mail (worn)
 c - a +0 buckler (worn)
 g - a +0 helmet
 h - a +2 cloak (worn)
Jewellery
 m - an amulet of faith
Scrolls
 b - a scroll of identify {unknown}
Potions
 d - 2 potions of might
 e - a potion of berserk rage {unknown}
 f - a potion of mutation {unknown}
 i - a potion of degeneration {unknown}
 k - 2 potions of curing {unknown}
 l - 2 potions of attraction {unknown}

Dungeon Overview and Level Annotations

Branches:
Dungeon (3/15)

Altars:
The Shining One

Annotations:
D:3 3 runed translucent doors, qw's ghost, amateur GrFi


Message History

The orc hits you but does no damage.
You slash the orc!
You kill the orc!
An orc priest comes into view. It is wielding a +0 club.
2824 ||| Stepping ~*~*~tactically~*~*~ (stealth).
You hit the orc.
The orc is heavily wounded.
The orc hits you but does no damage.
You slash the orc!
You kill the orc!
The orc barely misses you.
You barely miss the orc.
The orc priest shouts!
The orc hits you but does no damage.
You barely miss the orc.
The orc priest looks encouraged for a moment.
The orc closely misses you.
You hear a shout!
You closely miss the orc.
An orc comes into view. It is wielding a +0 mace.
The orc priest calls down the wrath of Beogh upon you.
Beogh smites you! The orc barely misses you.
You slash the orc priest!
The orc priest is heavily wounded.
You hit the orc. The orc hits you with a +0 flail!
You block the orc priest's attack.
You slash the orc priest!
You kill the orc priest!
You slash the orc!
You kill the orc!
You barely miss the orc. The orc hits you with a +0 flail!
You have reached level 5!
You closely miss the orc.
The orc is heavily wounded.
The orc hits you but does no damage.
You closely miss the orc.
The orc is heavily wounded.
You block the orc's attack. The orc hits you with a +0 flail.
You die...

.....##.....##......#
.....##.....##......#
......'.._..+.......#
.....##.....##......#
.....##......#......#
.....#...+####......#
#....##.#...##......#
#...............o)..#
#...............@)..#
#........###..##.#)##
#........# #.....#.#
#.......####.#...#.#
#...#..........#.#o#
#...#..........#.#.#
#................#o#
.............[...#..
.#.............#.#


You could see an orc.

Vanquished Creatures
  An orc priest (D:3)
  3 gnolls (D:2)
  A white imp (D:3)
  A worm (D:2)
  3 orcs (D:3)
  4 endoplasms
  5 goblins
  2 hobgoblins
  2 jackals (D:3)
  6 kobolds
  3 quokkas
  4 ball pythons
  A bat (D:2)
  4 frilled lizards
  A goblin skeleton (D:3)
  A goblin zombie (D:3)
  4 hobgoblin zombies (D:3)
  A kobold zombie (D:3)
  2 orc skeletons (D:3)
  3 orc zombies (D:3)
  3 rats
55 creatures vanquished.

Notes
Turn   | Place    | Note
-------+----------+-------------------------------------------
     0 | D:1      | qw the Gargoyle Fighter began the quest for the Orb.
     0 | D:1      | Reached XP level 1. HP: 14/14 MP: 1/1
     0 | D:1      | 0 ||| qw: Version: 0.2-a-12-gaebbb33
     0 | D:1      | 0 ||| qw: Game counter: 1348
     0 | D:1      | 0 ||| qw: Always use a shield: true
     0 | D:1      | 0 ||| qw: God list: Okawaru
     0 | D:1      | 0 ||| qw: Allow faded altars: false
     0 | D:1      | 0 ||| qw: Do Orc after D:15 true
     0 | D:1      | 0 ||| qw: Do second Lair branch before Depths: true
     0 | D:1      | 0 ||| qw: Lair rune preference: random
     0 | D:1      | 0 ||| qw: Plans: Normal, Zot:1-4, God:TSO, Crypt, Tomb,
                  | Pan, Slime:5, Hells, Abyss, Orb
     0 | D:1      | 0 ||| PLANNING D:1-11
   159 | D:1      | 159 ||| Stepping ~*~*~tactically~*~*~ (stealth).
   161 | D:1      | Reached skill level 2 in Axes
   331 | D:1      | Reached XP level 2. HP: 19/19 MP: 2/2
   379 | D:1      | 379 ||| DROPPING +0 club.
   449 | D:1      | Found a faded altar of an unknown god.
   549 | D:1      | 549 ||| Stepping ~*~*~tactically~*~*~ (stealth).
   556 | D:1      | 556 ||| Stepping ~*~*~tactically~*~*~ (stealth).
   572 | D:1      | 572 ||| Stepping ~*~*~tactically~*~*~ (stealth).
   608 | D:1      | 608 ||| Stepping ~*~*~tactically~*~*~ (stealth).
   973 | D:1      | 973 ||| UPGRADING to +2 cloak.
   978 | D:1      | 978 ||| READING scroll labelled ENNIYSTYAWK.
   979 | D:1      | 979 ||| READING scroll labelled UTYNETILADGH.
   980 | D:1      | 980 ||| READING scroll labelled EFOIQO YCINN.
   981 | D:1      | 981 ||| READING scroll labelled BEITAOGEKH.
  1082 | D:1      | 1082 ||| READING scroll labelled VON NINTUDOGG.
  1195 | D:2      | Reached skill level 3 in Axes
  1298 | D:2      | Reached XP level 3. HP: 22/23 MP: 3/3
  1362 | D:2      | 1362 ||| Stepping ~*~*~tactically~*~*~ (stealth).
  1380 | D:2      | 1380 ||| Stepping ~*~*~tactically~*~*~ (stealth).
  1381 | D:2      | 1381 ||| Stepping ~*~*~tactically~*~*~ (stealth).
  1544 | D:2      | 1544 ||| Stepping ~*~*~tactically~*~*~ (stealth).
  1657 | D:2      | HP: 2/23 [gnoll/+0 spear (7)]
  1660 | D:2      | Reached XP level 4. HP: 3/28 MP: 4/4
  2362 | D:2      | 2362 ||| UPGRADING to +0 chain mail.
  2372 | D:2      | 2372 ||| DROPPING +0 scale mail.
  2373 | D:2      | 2373 ||| DROPPING amulet of magic regeneration.
  2425 | D:3      | Found a runed translucent gate.
  2425 | D:3      | Found a runed translucent gate.
  2434 | D:3      | 2434 ||| Stepping ~*~*~tactically~*~*~ (stealth).
  2629 | D:3      | Found a runed translucent gate.
  2629 | D:3      | Noticed qw's ghost (amateur GrFi)
  2661 | D:3      | Reached skill level 4 in Axes
  2688 | D:3      | 2688 ||| Stepping ~*~*~tactically~*~*~ (stealth).
  2690 | D:3      | 2690 ||| Stepping ~*~*~tactically~*~*~ (stealth).
  2694 | D:3      | 2694 ||| Stepping ~*~*~tactically~*~*~ (stealth).
  2696 | D:3      | 2696 ||| Stepping ~*~*~tactically~*~*~ (stealth).
  2697 | D:3      | 2697 ||| Stepping ~*~*~tactically~*~*~ (stealth).
  2705 | D:3      | 2705 ||| Stepping ~*~*~tactically~*~*~ (stealth).
  2711 | D:3      | 2711 ||| Stepping ~*~*~tactically~*~*~ (stealth).
  2748 | D:3      | Found a glowing golden altar of the Shining One.
  2749 | D:3      | 2749 ||| Stepping ~*~*~tactically~*~*~ (hiding).
  2750 | D:3      | 2750 ||| Stepping ~*~*~tactically~*~*~ (hiding).
  2824 | D:3      | 2824 ||| Stepping ~*~*~tactically~*~*~ (stealth).
  2832 | D:3      | HP: 2/28 [orc/+0 flail (7)]
  2833 | D:3      | Reached XP level 5. HP: 3/32 MP: 5/5
  2834 | D:3      | Slain by an orc

Levels and vault maps discovered:
D:1:      heliophobic_arrival_battle_scene, layout_basic, serial_corexii_hall,
          corexii_hall_statues_l, corexii_hall_statues_l,
          corexii_hall_statues_x, corexii_hall_statues_x,
          shapermc_ecumenical_altar_venn, nicolae_figureground_pulse
D:2:      layout_basic
D:3:      kb_forest_paths, layout_basic, nicolae_tso_besieged_by_evil,
          ebering_ghost_rock_garden

Skill      XL: |  1  2  3  4 |
---------------+-------------+-----
Axes           | 2 3 4 |  4.6
Fighting       | |  3.2
Armour         | |  3.2
Shields        | |  3.2

Action                   |  1- 3 |  4- 6 || total
-------------------------+-------+-------++-------
Melee: War axe           |    85 |    61 ||   146
  Use: Scroll            |     5 |       ||     5
Armor: Scale mail        |    55 |     5 ||    60
       Chain mail        |       |    35 ||    35
Dodge: Dodged            |    34 |    14 ||    48
Block: Buckler           |    23 |    10 ||    33

Table legend:
 A = Non-vault XP
 B = Vault XP
 C = Vault XP percentage of total XP
 D = Non-vault monster count
 E = Vault monster count
 F = Vault count percentage of total count
                 A         B        C        D         E       F
            +---------+---------+-------+---------+---------+-------
      Total |     154 |      23 |  13.0 |      42 |      13 |  23.6
            +---------+---------+-------+---------+---------+-------
        D:1 |      25 |       0 |   0.0 |      16 |       0 |   0.0
        D:2 |      66 |       0 |   0.0 |      16 |       0 |   0.0
        D:3 |      63 |      23 |  26.7 |      10 |      13 |  56.5
            +---------+---------+-------+---------+---------+-------
